 Dungeon Crawl Stone Soup version 0.28.0-45-g0d030f2227 (webtiles) character file.

Game seed: 4648813223111660431

106 pkoi the Gusty (level 4, 0/33 HPs)
             Began as a Demigod Air Elementalist on Apr 8, 2022.
             Shot with an arrow by a centaur (4 damage)
             ... on level 3 of the Dungeon.
             The game lasted 00:02:29 (3251 turns).

pkoi the Gusty (Demigod Air Elementalist)           Turns: 3251, Time: 00:02:30

Health: 0/33       AC:  2    Str:  9    XL:     4   Next: 30%
Magic:  4/9        EV: 12    Int: 21    God:
Gold:   45         SH:  0    Dex: 14    Spells: 5/6 levels left

rFire   . . .      SeeInvis .   k - +4 whip
rCold   . . .      Faith    .   (no shield)
rNeg    . . .      Spirit   .   a - +0 robe
rPois   +          Reflect  .   (no helmet)
rElec   .          Harm     .   (no cloak)
rCorr   .          Rampage  .   (no gloves)
Will    .....                   (no boots)
Stlth   ++........              (no amulet)
HPRegen 0.11/turn               l - ring of poison resistance
MPRegen 0.11/turn               (no ring)

@: no status effects
A: high MP 1, forlorn, divine attributes
a: no special abilities


You were on level 3 of the Dungeon.
You visited 1 branch of the dungeon, and saw 3 of its levels.

You collected 45 gold pieces.

Inventory:

Hand Weapons
 b - a +0 dagger
 k - a +4 whip (weapon)
Missiles
 i - 5 atropa-tipped darts
Armour
 a - a +0 robe (worn)
Jewellery
 l - a ring of poison resistance (left hand)
Scrolls
 d - a scroll of fear {unknown}
 e - a scroll of brand weapon {unknown}
Potions
 c - 2 potions of mutation {unknown}
 f - a potion of might {unknown}
 h - 3 potions of curing


   Skills:
 - Level 1.7 Dodging
 - Level 1.7 Stealth
 - Level 1.7 Spellcasting
 - Level 0.8 Conjurations
 + Level 4.9 Air Magic


You had 5 spell levels left.
You knew the following spells:

 Your Spells              Type           Power      Damage    Failure   Level
a - Shock                 Conj/Air       56%        1d6       4%          1

Your spell library contained the following spells:

 Spells                   Type           Power      Damage    Failure   Level
 Swiftness                Air            22%        N/A       6%          3
 Static Discharge         Conj/Air       14%        N/A       7%          2
 Mephitic Cloud           Conj/Pois/Air  9%         N/A       21%         3
 Airstrike                Air            11%        N/A       21%         4
 Ignite Poison            Fire/Tmut/Pois 1%         N/A       41%         3
 Freezing Cloud           Conj/Ice/Air   4%         6-21      88%         5


Dungeon Overview and Level Annotations

Branches:
Dungeon (3/15)

Annotations:
D:3 2 transporters


Innate Abilities, Weirdness & Mutations

You have an increased reservoir of magic. (+10% MP)
You shall have no god before yourself.
Your divine heritage dramatically boosts your attributes as you level up.


Message History

You can't see any susceptible monsters within range! (Use Z to cast anyway.)
You can't see any susceptible monsters within range! (Use Z to cast anyway.) 3 jackals come into view.
The jackal barks! x2
A jackal comes into view.
There are monsters nearby!
There are monsters nearby!
The zap hits the jackal.
The jackal is heavily wounded.
The zap hits the jackal.
The jackal is heavily wounded.
The jackal barks! x2
The zap hits the jackal.
You kill the jackal!
The zap misses the jackal.
The zap hits the jackal.
You kill the jackal!
The zap hits the jackal.
You kill the jackal!
The zap hits the jackal.
The jackal is moderately wounded.
The zap hits the jackal.
You kill the jackal!
A centaur comes into view.
You miscast Shock.
You are very lightly contaminated with residual magic.
Nothing appears to happen.
The centaur shouts!
The centaur wields a +0 shortbow.
The centaur shoots an arrow.
The arrow hits you!
* * * LOW HITPOINT WARNING * * *
The centaur shoots an arrow.
The arrow hits you!
* * * LOW HITPOINT WARNING * * *
The centaur shoots an arrow.
The arrow hits you.
* * * LOW HITPOINT WARNING * * *
Your magical contamination has completely faded away.
There is a stone staircase leading up here.
The centaur shoots an arrow.
The arrow barely misses you.
The centaur shoots an arrow.
The arrow hits you.
You die...

#.......#≈.♣.≈#.#.....
#.......#≈...≈#...)...
#.......#≈...≈#.......
#.......#S...S#....)..
#.[.....###+###.#+####
##########.......#P./.P#.#.#
.................#8.©.8#.#.#
........c........#######.#.#
..../.†...##..@..)÷.©....#.###
..........#####..........#.#.#
.....c....# ###......#.#.#.##
..........# #.####.#...#...
..........# ####.# #.##..#.##
..........# #....####........#
..†.......# #........###..#..#
........... #...####.# #..#..#
#...# #.# #..####


You could see a centaur and an electric eel.

Vanquished Creatures
  5 adders
  3 dart slugs
  4 endoplasms
  A giant cockroach (D:2)
  2 goblins
  10 hobgoblins
  7 jackals
  2 kobolds
  2 quokkas
  5 ball pythons
  2 bats
  4 frilled lizards
  5 rats
52 creatures vanquished.

Notes
Turn   | Place    | Note
-------+----------+-------------------------------------------
     0 | D:1      | pkoi the Demigod Air Elementalist began the quest for the
                  | Orb.
     0 | D:1      | Reached XP level 1. HP: 14/14 MP: 5/5
   245 | D:1      | Reached skill level 3 in Air Magic
   493 | D:1      | Reached XP level 2. HP: 20/20 MP: 5/7
   644 | D:1      | You fall into a shaft and drop 1 floor!
  1291 | D:1      | Reached XP level 3. HP: 26/26 MP: 1/8
  1465 | D:1      | Reached skill level 4 in Air Magic
  2548 | D:2      | Reached XP level 4. HP: 32/33 MP: 2/9
  2810 | D:3      | Found a transporter.
  2929 | D:3      | Found a transporter.
  3242 | D:3      | Noticed a centaur
  3251 | D:3      | Shot with an arrow by a centaur

Illustrated notes

Levels and vault maps discovered:
D:1:      psy_arrival_conway, layout_basic
D:2:      layout_basic, shapermc_ecumenical_altar_totnotflames
D:3:      gammafunk_steamed_eel, layout_basic, kennysheep_minor_cross,
          uniq_crazy_yiuf_cottage

Skill      XL: |  1  2  3 |
---------------+----------+-----
Air Magic      | 3 4 |  4.9
Dodging        | |  1.7
Stealth        | |  1.7
Spellcasting   | |  1.7
Conjurations   | |  0.8

Action                   |  1- 3 |  4- 6 || total
-------------------------+-------+-------++-------
Melee: Dagger            |    13 |       ||    13
 Cast: Shock             |    97 |    21 ||   118
  Use: Scroll            |     6 |       ||     6
Armor: Robe              |     5 |     2 ||     7
Dodge: Dodged            |    17 |     2 ||    19
